 Dungeon Crawl Stone Soup version 0.31-a0-702-gf82c85558f (webtiles) character file.

Game seed: 632372267847070556

8409 blessed the Cleaver (level 11, -2/97 HPs)
             Began as a Minotaur Berserker on Sept 8, 2023.
             Was an Elder of Trog.
             Slain by Psyche
             ... wielding a +2 dagger of distortion
              (22 damage)
             ... on level 9 of the Dungeon.
             The game lasted 00:27:20 (7643 turns).

blessed the Cleaver (Minotaur Berserker)            Turns: 7643, Time: 00:27:20

Health: -2/97      AC:  0    Str: 26    XL:     11   Next: 9%
Magic:  10/10      EV: 25    Int:  4    God:    Trog [****..]
Gold:   357        SH:  0    Dex: 15    Spells: 10/10 levels left

rFire   . . .        z - melded +0 war axe
rCold   . . .        x - melded +0 kite shield
rNeg    . . .        F - melded +2 ring mail {rC+}
rPois   .            (helmet currently unavailable)
rElec   .            j - melded +2 cloak
rCorr   .            (gloves currently unavailable)
SInv    .            r - melded +0 pair of boots
Will    .....        (no amulet)
Stlth   +++          c - melded +6 ring of dexterity
HPRegen 0.36/turn    H - melded +4 ring of slaying
MPRegen 0.12/turn

%: no passive effects
@: bat-form, on berserk cooldown, flying, slowed, studying Shapeshifting, quick
A: fast, flying, no casting, tiny, (horns 2), (retaliatory headbutt)
a: Renounce Religion, Berserk, Trog's Hand, Brothers in Arms


You were on level 9 of the Dungeon.
You worshipped Trog.
Trog was greatly pleased with you.
You were a bat.
You visited 2 branches of the dungeon, and saw 10 of its levels.

You collected 357 gold pieces.

Inventory:

Hand Weapons
 a - a +0 hand axe
 e - a +3 whip
 m - a +0 halberd
 o - a +2 scimitar of holy wrath
 z - a +0 war axe (melded)
 E - a +2 mace of draining
 L - a +1 spectral quarterstaff
 O - a +5 dire flail
 Q - a +0 orcbow
Armour
 b - a +0 animal skin
 j - a +2 cloak (melded)
 r - a +0 pair of boots (melded)
 x - a +0 kite shield (melded)
 F - a +2 ring mail of cold resistance (melded)
 K - a +1 cloak of willpower
 P - +0 steam dragon scales
Jewellery
 c - a +6 ring of dexterity (melded)
 H - a +4 ring of slaying (melded)
 J - a ring of fire
Wands
 I - a wand of quicksilver (18)
Scrolls
 d - 5 scrolls of identify {unknown}
 f - a scroll of silence {unknown}
 g - 3 scrolls of fog {unknown}
 l - a scroll of enchant weapon {unknown}
 n - 2 scrolls of enchant armour {unknown}
 s - 2 scrolls of noise {unknown}
 u - 4 scrolls of fear {unknown}
 v - a scroll of amnesia {unknown}
 w - a scroll of vulnerability {unknown}
 y - 3 scrolls of teleportation {unknown}
 B - 2 scrolls of revelation {unknown}
 D - a scroll of immolation {unknown}
Potions
 h - 2 potions of curing {unknown}
 i - 2 potions of degeneration {unknown}
 k - a potion of attraction {unknown}
 p - a potion of enlightenment {unknown}
 q - 2 potions of haste {unknown}
 t - 2 potions of heal wounds {unknown}
 A - a potion of might {unknown}
 C - a potion of berserk rage {unknown}
 G - a potion of lignification {unknown}
 M - a potion of brilliance {unknown}
 N - a potion of mutation {unknown}


   Skills:
 + Level 9.1 Fighting
 + Level 13.3 Axes
 + Level 6.5 Armour
 + Level 9.1 Dodging
 + Level 4.1 Stealth
 + Level 4.9 Shields


You had 10 spell levels left.
You didn't know any spells.
Your spell library was empty.

Dungeon Overview and Level Annotations

Branches:
Dungeon (9/15)             Temple (1/1) D:7
   Lair: D:8-11         Orc: D:9-12

Altars:
Ashenzari
Cheibriados
Dithmenos
Fedhas
Gozag
Hepliaklqana
Kikubaaqudgha
Makhleb
Nemelex Xobeh
Okawaru
Qazlal
Ru
Sif Muna
Trog
Uskayaw
Vehumet
Wu Jian
Xom
Yredelemnul
Zin
The Shining One

Shops:
D:5 =

Annotations:
D:9 Psyche


Innate Abilities, Weirdness & Mutations

You are a bat.
You are tiny and dextrous.
You move quickly.
You are flying.
Your equipment is almost entirely melded.
You are incapable of wielding weapons or throwing items.
You cannot cast spells.
((You have a pair of horns on your head.))
((You reflexively headbutt those who attack you in melee.))


Message History

a +0 club; an orc corpse Psyche gestures at you while chanting.
You turn into a bat.
Your +0 war axe melds into your body.
Your +2 cloak melds into your body.
Your +0 pair of boots melds into your body.
Your +0 kite shield melds into your body.
Your +2 ring mail of cold resistance melds into your body.
Your +6 ring of dexterity melds into your body.
Your +4 ring of slaying melds into your body.
You feel less resistant to cold.
You feel clumsy.
You see here a +0 club.
Psyche begins to cast a cantrip, but forgets the words!
Things that are here:
a +0 club; an orc corpse You hit Psyche.
Psyche is lightly wounded.
Psyche hits you with a +2 dagger of distortion!
You blink.
Psyche hits you with a +2 dagger of distortion!
Space warps horribly around you!!
You closely miss Psyche.
Psyche is lightly wounded.
Psyche closely misses you.
Psyche casts a spell.
Psyche flickers and vanishes!
Deactivating autopickup; reactivate with Ctrl-A.
You see here a +0 club.
Something barely misses you.
There is an open door here.
Something barely misses you. Something closely misses you.
Something misses you. Something hits you!
* * * LOW HITPOINT WARNING * * *
You blink.
You hear some strange, mumbled words.
Something hits you!
* * * LOW HITPOINT WARNING * * *
Space warps horribly around you!!
You die...

...## .## ##..# ..#
###.### #.# ......# #.#
......# #.#
......#########.#######
.......................
#'†'###########.#######
.$...## #.b# .._...#
##.## ..8..8# #..#
.....∩# ##.# .8∩8∩## #.#
###### ######.#####
#..........# ########
#.#........####.......
###.###......##.'.)...††


There were no monsters in sight!

Vanquished Creatures
  The ghost of Age the Warrior, a novice MiFi of Gozag (D:9)
  A centaur warrior (D:9)
  The ghost of Brisketman the Basher, a novice AtFi of the Shining One (D:8)
  Maurice (D:8)
  Joseph (D:8)
  A hornet (D:5)
  A wraith (D:5)
  A wyvern (D:8)
  6 yaks (D:9)
  2 steam dragons (D:9)
  An acid dragon (D:9)
  Duvessa (D:5)
  2 water moccasins (D:6)
  A sky beast (D:7)
  An orc warrior (D:9)
  2 ice beasts
  2 black bears
  4 ogres
  2 phantoms (D:6)
  A centaur (D:8)
  A kobold brigand (D:4)
  7 bullfrogs
  8 scorpions
  7 wights (D:8)
  Dowan (D:5)
  6 killer bees (D:7)
  2 howler monkeys
  13 hounds
  A sleepcap (D:6)
  3 orc priests
  4 jellies
  A gnoll bouda (D:2)
  4 iguanas (D:6)
  6 orc wizards
  4 gnolls
  6 adders
  3 shadow imps
  4 white imps
  An ufetubus (D:5)
  A dart slug (D:2)
  19 orcs
  A bat (D:3)
  9 endoplasms
  5 goblins
  5 hobgoblins
  4 jackals (D:4)
  5 kobolds
  2 quokkas
  3 ball pythons (D:2)
  A frilled lizard (D:2)
  3 rats (D:2)
173 creatures vanquished.

Notes
Turn   | Place    | Note
-------+----------+-------------------------------------------
     0 | D:1      | blessed the Minotaur Berserker began the quest for the Orb.
     0 | D:1      | Reached XP level 1. HP: 19/19 MP: 0/0
    29 | D:1      | You fall into a shaft and drop 1 floor!
    72 | D:2      | Reached XP level 2. HP: 23/27 MP: 1/1
    75 | D:2      | Reached skill level 4 in Axes
    80 | D:2      | Reached XP level 3. HP: 29/34 MP: 2/2
   332 | D:2      | Reached XP level 4. HP: 39/41 MP: 3/3
  1143 | D:3      | Reached skill level 5 in Axes
  1300 | D:3      | Reached ** piety under Trog
  1573 | D:3      | Reached skill level 5 in Fighting
  1573 | D:3      | Reached XP level 5. HP: 35/48 MP: 4/4
  2447 | D:4      | Found a broken altar of Ashenzari.
  2484 | D:4      | Reached skill level 1 in Stealth
  2484 | D:4      | Reached XP level 6. HP: 56/56 MP: 5/5
  2485 | D:4      | Reached skill level 6 in Axes
  2755 | D:5      | Entered Level 5 of the Dungeon
  2880 | D:5      | Noticed a hornet
  2894 | D:5      | Killed a hornet
  2895 | D:5      | Reached XP level 7. HP: 62/62 MP: 6/6
  2973 | D:5      | Noticed a wraith
  2980 | D:5      | Reached skill level 7 in Axes
  2982 | D:5      | Killed a wraith
  3031 | D:5      | Found Ygioxi's Jewellery Emporium.
  3043 | D:5      | Reached skill level 5 in Dodging
  3093 | D:5      | Noticed Duvessa
  3093 | D:5      | Noticed Dowan
  3105 | D:5      | Killed Duvessa
  3106 | D:5      | Reached skill level 8 in Axes
  3106 | D:5      | Reached XP level 8. HP: 70/70 MP: 7/7
  3111 | D:5      | Killed Dowan
  3149 | D:5      | Found a blossoming altar of Fedhas.
  3337 | D:5      | Reached skill level 9 in Axes
  3918 | D:6      | Reached skill level 10 in Axes
  3918 | D:6      | Reached XP level 9. HP: 79/79 MP: 8/8
  3919 | D:6      | Reached *** piety under Trog
  4773 | D:6      | Found a shimmering altar of Xom.
  4993 | D:7      | Found a snail-covered altar of Cheibriados.
  4994 | D:7      | Found a burning altar of Makhleb.
  4994 | D:7      | Found a shadowy altar of Dithmenos.
  4996 | D:7      | Found a stormy altar of Qazlal.
  4996 | D:7      | Found a glowing golden altar of the Shining One.
  5005 | D:7      | Reached skill level 11 in Axes
  5005 | D:7      | Reached skill level 1 in Shields
  5722 | D:7      | Found a staircase to the Ecumenical Temple.
  5728 | Temple   | Entered the Ecumenical Temple
  6146 | D:8      | Noticed Brisketman's ghost (novice AtFi)
  6148 | D:8      | Found a transporter.
  6190 | D:8      | Noticed Maurice
  6203 | D:8      | Killed Maurice
  6204 | D:8      | Reached XP level 10. HP: 51/89 MP: 9/9
  6529 | D:8      | Reached skill level 12 in Axes
  6741 | D:8      | Noticed Joseph
  6757 | D:8      | Killed Joseph
  7293 | D:8      | Found a transporter.
  7310 | D:8      | Killed Brisketman's ghost
  7311 | D:8      | Reached skill level 5 in Armour
  7417 | D:9      | Found a runed translucent gate.
  7419 | D:9      | Found a runed translucent gate.
  7419 | D:9      | Found a runed translucent gate.
  7420 | D:9      | Found an opulent altar of Gozag.
  7420 | D:9      | Noticed a centaur warrior
  7421 | D:9      | Noticed Age's ghost (novice MiFi)
  7431 | D:9      | Killed Age's ghost
  7433 | D:9      | Killed a centaur warrior
  7434 | D:9      | Reached skill level 13 in Axes
  7436 | D:9      | Reached **** piety under Trog
  7548 | D:9      | Found an ornate altar of the Wu Jian Council.
  7606 | D:9      | Reached XP level 11. HP: 97/97 MP: 10/10
  7612 | D:9      | Noticed Psyche
  7643 | D:9      | Slain by Psyche

Illustrated notes

Levels and vault maps discovered:
D:1:      lightli_arrival_quake, layout_basic,
          ebering_ecumenical_altar_sacrificial
D:2:      layout_basic, interstate_on_off, st_stairs_9
D:3:      layout_rooms, cheibrodos_gnoll_hut
D:4:      layout_basic, mainiacjoe_overflow_cross_hatched
D:5:      layout_basic, fedhas_altar_3, serial_shops,
          nicolae_shop_tiny_statue_garden, minmay_manual_mess, uniq_duvessa
D:6:      minmay_octagon_keep, layout_cave_pools,
          mainiacjoe_overflow_tiny_flanked, minmay_liquid_box,
          kennysheep_generic_room_6
D:7:      layout_basic, grunt_temple_overflow_open, minmay_temple_entry_fiery
D:8:      layout_loops_corners, gammafunk_ghost_smash, uniq_maurice, uniq_joseph
D:9:      layout_roguey, nzn_wu_jian_council_hall, elyvilon_altar_5,
          grunt_lair_entry_orc_guard_hut, ebering_ghost_gozag, uniq_psyche
Temple:   nicolae_temple_slightly_damp_pantheon

Skill      XL: |  1  2  3  4  5  6  7  8  9 10 |
---------------+-------------------------------+-----
Fighting       | 4 5 6 7 8 9 |  9.1
Axes           | 4 5 6 8 10 11 13 | 13.3
Dodging        | 3 4 5 6 8 9 |  9.1
Armour         | 3 6 |  6.5
Stealth        | 1 2 3 4 |  4.1
Shields        | 2 4 |  4.9

Action                     |  1- 3 |  4- 6 |  7- 9 | 10-12 || total
---------------------------+-------+-------+-------+-------++-------
  Melee: Hand axe          |    10 |    96 |   149 |       ||   255
         Headbutt          |     2 |    17 |    54 |    20 ||    93
         Punch             |       |     1 |     1 |       ||     2
         War axe           |       |       |    78 |    72 ||   150
         Unarmed           |       |       |       |     2 ||     2
 Invoke: Berserk           |     1 |     4 |     8 |     4 ||    17
   Stab: Sleeping          |       |       |     3 |       ||     3
 Armour: Animal skin       |     5 |    74 |    96 |       ||   175
         Ring mail         |       |       |    18 |    59 ||    77
         Skin              |       |       |       |     4 ||     4
  Dodge: Dodged            |    13 |    72 |   154 |    46 ||   285
  Block: Kite shield       |       |       |    44 |    51 ||    95

Table legend: (Time is in decaauts)
 A = Elapsed time spent in this place.
 B = Non-inter-level travel time spent in this place.
 C = Inter-level travel time spent in this place.
 D = Time resting spent in this place.
 E = Time spent auto-exploring this place.
 F = Levels seen in this place.
 G = Mean time per level.
                   A        B        C        D        E       F      G
               +--------+--------+--------+--------+--------+-----+--------+
         Total |   7771 |   7771 |      0 |      0 |   2378 |  10 |  777.1 |
       Dungeon |   7664 |   7664 |      0 |      0 |   2378 |   9 |  851.6 |
        Temple |    106 |    106 |      0 |      0 |      0 |   1 |  106.0 |
               +--------+--------+--------+--------+--------+-----+--------+

Top non-repeatable levels by time:
     D:8: 1512 daAuts
     D:6: 1289 daAuts
     D:2: 1115 daAuts
     D:4: 997 daAuts
     D:5: 935 daAuts
     D:7: 877 daAuts
     D:3: 663 daAuts
     D:9: 244 daAuts
  Temple: 106 daAuts
     D:1: 29 daAuts
